 Dungeon Crawl Stone Soup version 0.22.0-60-ga52c2fc (webtiles) character file.

18 Starchild the Vexing (level 2, -1/21 HPs)
             Began as a Formicid Arcane Marksman on Sept 10, 2018.
             Slain by Ijyb (2 damage)
             ... on level 3 of the Dungeon.
             The game lasted 00:02:50 (261 turns).

Starchild the Vexing (Formicid Arcane Marksman)      Turns: 261, Time: 00:02:50

Health: -1/21      AC:  2    Str: 14    XL:     2   Next: 85%
Magic:  3/3        EV: 12    Int: 12    God:
Gold:   36         SH:  0    Dex: 11    Spells: 2/3 levels left

rFire    . . .     SeeInvis +   a - +0 hand crossbow
rCold    . . .     Gourm    .   (no shield)
rNeg     . . .     Faith    .   e - +0 robe
rPois    .         Spirit   .   (helmet unavailable)
rElec    .         Reflect  .   (no cloak)
rCorr    .         Harm     .   (no gloves)
MR       .....                  (no boots)
Stlth    +.........             (no amulet)
HPRegen  0.07/turn              (no ring)
MPRegen  0.08/turn              (no ring)

@: no status effects
A: permanent stasis, dig shafts and tunnels, four strong arms, antennae 3
a: Dig, Shaft Self


You were on level 3 of the Dungeon.
You were not hungry.

You visited 1 branch of the dungeon, and saw 3 of its levels.

You collected 36 gold pieces.

Inventory:

Hand Weapons
 a - a +0 hand crossbow (weapon)
Missiles
 d - 6 bolts (quivered)
Armour
 e - a +0 robe (worn)
Scrolls
 b - a scroll of identify {unknown}
 g - a scroll of enchant weapon {unknown}
Potions
 c - a potion of flight {unknown}
 h - a potion of heal wounds {unknown}
Comestibles
 f - a ration


   Skills:
 - Level 1.1 Fighting
 + Level 2.4 Crossbows
 - Level 1.7 Dodging
 - Level 1.1 Spellcasting
 + Level 4.3 Hexes


You had 2 spell levels left.
You knew the following spells:

 Your Spells              Type           Power        Failure   Level  Hunger
a - Corona                Hex            ##.....      4%          1    ##.....

Your spell library contained the following spells:

 Spells                   Type           Power        Failure   Level  Hunger
 Slow                     Hex            ##......     8%          2    ###....
 Inner Flame              Hex/Fire       #.......     36%         3    ####...
 Portal Projectile        Hex/Tloc       #.....       36%         3    ####...
 Cause Fear               Hex            ##........   45%         4    #####..
 Leda's Liquefaction      Hex/Erth       #.........   77%         4    #####..


Dungeon Overview and Level Annotations

Branches:
Dungeon (3/15)

Altars:
Nemelex Xobeh

Annotations:
D:3 Ijyb


Innate Abilities, Weirdness & Mutations

You cannot be hasted, slowed, berserked, paralysed or teleported.
You can dig through walls and to a lower floor.
Your four strong arms can wield two-handed weapons with a shield.
You have a pair of large antennae on your head. (SInv)


Message History

Ijyb closely misses you.
Firing (i - inventory)
d - 9 bolts (quivered)
Press: ? - help, Shift-Dir - straight line, f/p - Ijyb
Aim: Ijyb, wearing a chain mail (almost dead)
You shoot a bolt. The bolt hits Ijyb but does no damage.
Ijyb is almost dead.
Ijyb hits you.
* * * LOW HITPOINT WARNING * * *
Firing (i - inventory)
d - 8 bolts (quivered)
Press: ? - help, Shift-Dir - straight line, f/p - Ijyb
Aim: Ijyb, wearing a chain mail (almost dead)
You shoot a bolt. The bolt hits Ijyb but does no damage.
Ijyb is almost dead.
Ijyb misses you.
Firing (i - inventory)
d - 7 bolts (quivered)
Press: ? - help, Shift-Dir - straight line, f/p - Ijyb
Aim: Ijyb, wearing a chain mail (almost dead)
You shoot a bolt. The bolt barely misses Ijyb.
Ijyb barely misses you. Ijyb hits you.
You die...

#.##...## #(#.....## #..##
#(.......##
....####.........# .....
...........+ #...
#.........# #.. #...g...#
{ #.# #...@.#
####>#########...##
#.<.......#....+##
#.##...##...##..##
#.##..####.####..#######.#
#....##..#'#..##.........#
#.#..##.......##.#########
#.##..##.._..##...#
#.###..##...##...##


You could see Ijyb.

Vanquished Creatures
  An adder (D:2)
  A giant cockroach (D:3)
  3 jackals (D:1)
  2 kobolds
  A frilled lizard (D:1)
  A rat (D:1)
9 creatures vanquished.

Notes
Turn   | Place    | Note
-------+----------+-------------------------------------------
     0 | D:1      | Starchild the Formicid Arcane Marksman began the quest for
                  | the Orb.
     0 | D:1      | Reached XP level 1. HP: 15/15 MP: 2/2
    52 | D:1      | Reached skill level 4 in Hexes
    52 | D:1      | Reached XP level 2. HP: 21/21 MP: 3/3
   197 | D:3      | Found a sparkling altar of Nemelex Xobeh.
   238 | D:3      | Noticed Ijyb
   259 | D:3      | HP: 1/21 [Ijyb (1)]
   261 | D:3      | Slain by Ijyb

Skill      XL: |  1 |
---------------+----+-----
Hexes          | 4 |  4.3
Fighting       | |  1.1
Crossbows      | |  2.4
Dodging        | |  1.7
Spellcasting   | |  1.1

Action                   || total
-------------------------++-------
 Fire: Hand crossbow     ||    39
Armor: Robe              ||     3
Dodge: Dodged            ||    19
